 Dungeon Crawl Stone Soup version 0.29.1-15-g9cfb28693d (webtiles) character file.

Game seed: 2214123642491846487

70 RatsInWalls the Chopper (level 4, -1/41 HPs)
             Began as a Hill Orc Monk on Mar 4, 2023.
             Slain by a gnoll
             ... wielding a +0 whip
              (7 damage)
             ... on level 3 of the Dungeon on Mar 7, 2023.
             The game lasted 00:06:36 (1787 turns).

RatsInWalls the Chopper (Hill Orc Monk)             Turns: 1787, Time: 00:06:37

Health: -1/41      AC:  3    Str: 15    XL:     4   Next: 21%
Magic:  4/4        EV: 12    Int: 10    God:
Gold:   61         SH:  0    Dex: 13    Spells: 3/3 levels left

rFire   + . .      SeeInvis .   a - +0 hand axe
rCold   . . .      Faith    .   (no shield)
rNeg    . . .      Spirit   .   i - +0 leather armour
rPois   .          Reflect  .   (no helmet)
rElec   .          Harm     .   (no cloak)
rCorr   .          Rampage  .   (no gloves)
Will    .....                   (no boots)
Stlth   ++........              (no amulet)
HPRegen 0.13/turn               k - ring of protection from fire
MPRegen 0.09/turn               (no ring)

@: about to teleport
A: no striking features
a: no special abilities


You were on level 3 of the Dungeon.
You visited 1 branch of the dungeon, and saw 3 of its levels.

You collected 61 gold pieces.

Inventory:

Hand Weapons
 a - a +0 hand axe (weapon)
Missiles
 g - 5 poisoned darts (quivered)
Armour
 i - a +0 leather armour (worn)
Jewellery
 c - an amulet of faith
 k - a ring of protection from fire (left hand)
Scrolls
 b - a scroll of identify {unknown}
 d - 2 scrolls of immolation {unknown}
 e - a scroll of fear {unknown}
 f - a scroll of amnesia {unknown}
 j - a scroll of poison {unknown}
 l - a scroll of magic mapping {unknown}


   Skills:
 + Level 4.3 Fighting
 + Level 4.7 Axes
 + Level 1.7 Armour
 + Level 2.9 Dodging
 - Level 1.6 Stealth


You had 3 spell levels left.
You didn't know any spells.
Your spell library contained the following spells:

 Spells                   Type           Power      Damage    Failure   Level
 Apportation              Tloc           0%         N/A       43%         1
 Alistair's Intoxication  Tmut/Pois      0%         N/A       100%        5


Dungeon Overview and Level Annotations

Branches:
Dungeon (3/15)

Altars:


Message History

The gnoll is moderately wounded.
The gnoll barely misses you.
You hit the gnoll.
The gnoll is moderately wounded.
The gnoll hits you from afar with a +0 spear.
The gnoll hits you with a +0 whip! The gnoll attacks as you move away!
The gnoll hits you but does no damage.
A gnoll comes into view. It is wielding a +0 flail.
The gnoll attacks as you move away! The gnoll hits you with a +0 whip.
The gnoll attacks as you move away! The gnoll hits you with a +0 whip.
The gnoll attacks as you move away! The gnoll hits you with a +0 whip.
* * * LOW HITPOINT WARNING * * *
The gnoll attacks as you move away! The gnoll hits you with a +0 whip.
* * * LOW HITPOINT WARNING * * *
The gnoll attacks as you move away! The gnoll misses you.
You see here a ball python corpse.
You see here a +0 whip.
The gnoll attacks as you move away! The gnoll hits you with a +0 whip.
* * * LOW HITPOINT WARNING * * *
There is an open door here.
The gnoll attacks as you move away! The gnoll hits you with a +0 whip.
* * * LOW HITPOINT WARNING * * *
The gnoll attacks as you move away! The gnoll hits you with a +0 whip.
* * * LOW HITPOINT WARNING * * *
The gnoll attacks as you move away! The gnoll closely misses you.
Okay, then.
It was a potion of curing.
You feel better. The gnoll barely misses you.
There is an escape hatch in the floor here.
The gnoll hits you from afar with a +0 spear.
* * * LOW HITPOINT WARNING * * *
You slide downwards.
The hatch slams shut behind you.
Found four items.
Found a stone staircase leading down and a stone staircase leading up.
As you read the scroll labelled BAIXIE WUTH, it crumbles to dust.
You feel strangely unstable.
It was a scroll of teleportation.
The gnoll hits you with a +0 whip.
* * * LOW HITPOINT WARNING * * *
Unknown command.
The gnoll attacks as you move away! The gnoll hits you with a +0 whip!
You die...

#.# #$ ##.# ##..
#######$.###....
#....<#.........
..........[.....
..............#
..............#
..........>...#
.......@g.....#
........~.~..!#
........~⌠....#
......!.~~...##
#.....#......#
##############


You could see a gnoll.

Vanquished Creatures
  Jessica (D:2)
  A worm (D:2)
  2 dart slugs (D:1)
  3 endoplasms (D:2)
  A giant cockroach (D:1)
  4 goblins
  4 hobgoblins
  3 kobolds (D:1)
  2 quokkas (D:1)
  3 ball pythons
  6 bats
  4 frilled lizards
  2 rats (D:1)
36 creatures vanquished.

Vanquished Creatures (others)
  10 plants
10 creatures vanquished.

Grand Total: 46 creatures vanquished

Notes
Turn   | Place    | Note
-------+----------+-------------------------------------------
     0 | D:1      | RatsInWalls the Hill Orc Monk began the quest for the Orb.
     0 | D:1      | Reached XP level 1. HP: 19/19 MP: 1/1
   239 | D:1      | Reached XP level 2. HP: 15/27 MP: 2/2
   506 | D:1      | Reached skill level 1 in Armour
   636 | D:1      | Reached XP level 3. HP: 24/33 MP: 3/3
   904 | D:2      | Noticed Jessica
   923 | D:2      | Killed Jessica
   925 | D:2      | Reached XP level 4. HP: 12/40 MP: 4/4
  1553 | D:2      | Found a faded altar of an unknown god.
  1778 | D:2      | HP: 1/41 [gnoll/+0 whip (3)]
  1787 | D:3      | Slain by a gnoll

Illustrated notes

Levels and vault maps discovered:
D:1:      denvon_arrival_planthouse, layout_rooms
D:2:      layout_basic, serial_forest, infiniplex_forest_end_2,
          infiniplex_forest_end_1, infiniplex_forest_straight_2,
          infiniplex_forest_join, infiniplex_forest_clump_long,
          infiniplex_forest_lined_2, shapermc_ecumenical_altar_starsandcircs,
          uniq_jessica
D:3:      layout_rooms, corexii_leaking_fountain, minmay_crystal_water

Skill      XL: |  1  2 |
---------------+-------+-----
Armour         | 1 |  1.7
Fighting       | 4 |  4.3
Axes           | |  4.7
Dodging        | |  2.9
Stealth        | |  1.6

Action                   |  1- 3 |  4- 6 || total
-------------------------+-------+-------++-------
Melee: Hand axe          |    84 |    53 ||   137
  Use: Potion            |     1 |     1 ||     2
       Scroll            |       |     1 ||     1
 Stab: Sleeping          |     1 |       ||     1
Armor: Robe              |    13 |     2 ||    15
       Leather armour    |       |     3 ||     3
Dodge: Dodged            |    51 |    24 ||    75
